 Dungeon Crawl Stone Soup version 0.28.0 (webtiles) character file.

Game seed: 2646083981723289281

346 Aksej the Skirmisher (level 6, -1/48 HPs)
             Began as a Demonspawn Monk on Feb 9, 2022.
             Succumbed to a scorpion's poison
             ... on level 5 of the Dungeon.
             The game lasted 00:13:21 (4736 turns).

Aksej the Skirmisher (Demonspawn Monk)              Turns: 4736, Time: 00:13:22

Health: -1/48      AC:  5    Str: 11    XL:     6   Next: 32%
Magic:  6/6        EV: 14    Int: 12    God:
Gold:   169        SH:  0    Dex: 17    Spells: 5/5 levels left

rFire   . . .      SeeInvis .   a - +1 falchion (flame)
rCold   . . .      Faith    .   (no shield)
rNeg    . . .      Spirit   .   b - +1 robe
rPois   .          Reflect  .   (helmet restricted)
rElec   .          Harm     .   (no cloak)
rCorr   .          Rampage  .   (no gloves)
Will    .....                   d - +0 pair of boots
Stlth   ++........              (no amulet)
HPRegen 0.16/turn               (no ring)
MPRegen 0.10/turn               (no ring)

@: mighty, lethally poisoned (-1 -> -13), about to teleport, flying
A: antennae 1, powered by pain 2, sharp scales 1
a: no special abilities


You were on level 5 of the Dungeon.
You visited 1 branch of the dungeon, and saw 5 of its levels.

You collected 169 gold pieces.

Inventory:

Hand Weapons
 a - a +1 falchion of flaming (weapon)
Armour
 b - a +1 robe (worn)
 d - a +0 pair of boots (worn)
Jewellery
 g - a ring of fire
Potions
 c - a potion of brilliance
 f - a potion of magic


   Skills:
 * Level 4.2 Fighting
 + Level 4.1 Long Blades
 + Level 1.6 Throwing
 * Level 3.9 Dodging
 + Level 2.9 Stealth


You had 5 spell levels left.
You didn't know any spells.
Your spell library was empty.

Dungeon Overview and Level Annotations

Branches:
Dungeon (5/15)
 Temple: D:4-7

Altars:
Hepliaklqana
Vehumet
Xom

Annotations:
D:3 exclusion: statue


Innate Abilities, Weirdness & Mutations

You have a pair of small antennae on your head.
You sometimes gain power by taking damage.
You are partially covered in razor-sharp scales. (AC +1, Slay +1)


Message History

The scorpion closely misses you.
You hit the scorpion. You burn the scorpion.
The scorpion is moderately wounded.
The scorpion stings you.
You are poisoned.
The scorpion poisons you! The scorpion stings you.
You barely miss the scorpion.
The scorpion is moderately wounded.
You feel very sick. The scorpion barely misses you.
You closely miss the scorpion.
The scorpion is moderately wounded.
You feel sick. The scorpion stings you!
You are more poisoned.
The scorpion poisons you!
You barely miss the scorpion.
The scorpion is moderately wounded.
You feel very sick. The scorpion barely misses you. The scorpion stings you.
* * * LOW HITPOINT WARNING * * *
You are lethally poisoned!
The scorpion poisons you!
Okay, then.
As you read the scroll of teleportation, it crumbles to dust.
You feel strangely unstable.
* * * LOW HITPOINT WARNING * * *
You feel very sick. The scorpion closely misses you.
It was a potion of might.
You feel very mighty all of a sudden.
* * * LOW HITPOINT WARNING * * *
You feel very sick. The scorpion barely misses you.
It was a potion of flight.
You feel very buoyant.
You fly up into the air.
* * * LOW HITPOINT WARNING * * *
You feel very sick. The scorpion closely misses you.
You die...

. #.# ###. #.# ### ...###
#.# #>. #.##.## ##'## #.#
#.#.#.###...## #.# #
#..###.#.....## #.####.#
#.#.#.#.......## #.#....#
##.#..#.........###....#.##
......+.........@.sW..=...?
......#.........###....#.##
..##.###.......## #......#
.# #.# ##.....## ####(...#
.###.# ##...## ..... .....#
##+## ...# .##..# #.# .##
#'### #.# .# #...#####.##


You could see a phantom and a scorpion.

Vanquished Creatures
  An ogre (D:4)
  A phantom (D:4)
  A bullfrog zombie (D:5)
  An orc wizard (D:3)
  A gnoll (D:1)
  5 adders
  2 worms
  3 dart slugs
  5 orcs (D:3)
  4 ball pythons
  8 endoplasms
  3 giant cockroaches
  2 goblins
  6 hobgoblins
  3 jackals (D:4)
  A quokka (D:2)
  9 bats
  A frilled lizard (D:3)
  3 kobolds (D:1)
  6 rats
66 creatures vanquished.

Vanquished Creatures (others)
  5 plants (D:1)
5 creatures vanquished.

Grand Total: 71 creatures vanquished

Notes
Turn   | Place    | Note
-------+----------+-------------------------------------------
     0 | D:1      | Aksej the Demonspawn Monk began the quest for the Orb.
     0 | D:1      | Reached XP level 1. HP: 18/18 MP: 1/1
   284 | D:1      | Gained mutation: You sometimes gain a little power by
                  | taking damage. [demonic ancestry]
   284 | D:1      | Reached XP level 2. HP: 16/24 MP: 2/2
   761 | D:1      | You fall into a shaft and drop 1 floor!
   889 | D:1      | Reached XP level 3. HP: 29/29 MP: 3/3
  2674 | D:3      | Gained mutation: You sometimes gain power by taking damage.
                  | [demonic ancestry]
  2674 | D:3      | Reached XP level 4. HP: 36/36 MP: 4/4
  3186 | D:3      | Found a radiant altar of Vehumet.
  3195 | D:3      | Gained mutation: You are partially covered in razor-sharp
                  | scales. (AC +1, Slay +1) [demonic ancestry]
  3195 | D:3      | Reached XP level 5. HP: 32/42 MP: 5/5
  3292 | D:3      | Found a faded altar of an unknown god.
  3581 | D:3      | Noticed a charred statue
  3664 | D:4      | Reached skill level 1 in Throwing
  4049 | D:4      | Noticed an ogre
  4056 | D:4      | Killed an ogre
  4461 | D:4      | Noticed a phantom
  4475 | D:4      | Killed a phantom
  4476 | D:4      | Gained mutation: You have a pair of small antennae on your
                  | head. [demonic ancestry]
  4476 | D:4      | Reached XP level 6. HP: 30/48 MP: 6/6
  4653 | D:5      | Entered Level 5 of the Dungeon
  4661 | D:5      | Found a shimmering altar of Xom.
  4662 | D:5      | Found a hazy altar of Hepliaklqana.
  4663 | D:5      | Noticed a spectral ugly thing
  4735 | D:5      | HP: 1/48 [poisoned by a scorpion]
  4736 | D:5      | Succumbed to a scorpion's poison

Illustrated notes

Levels and vault maps discovered:
D:1:      erik_arrival_triangle_medium, layout_loops_corners,
          chequers_big_river, minmay_door_square
D:2:      layout_loops_cross, mrwooster_statue_mirror
D:3:      layout_rooms, vehumet_statue, basic_ecumenical_altar
D:4:      layout_basic, corexii_corridor_pit
D:5:      layout_loops_corners, regret_index_temple_of_mockery,
          fedhas_altar_fruit_tree, minmay_temple_entry_purple_smoke

Skill      XL: |  1  2  3  4  5 |
---------------+----------------+-----
Long Blades    | 3 4 |  4.1
Stealth        | 2 |  2.9
Dodging        | 3 |  3.9
Throwing       | 1 |  1.6
Fighting       | 4 |  4.2

Action                   |  1- 3 |  4- 6 || total
-------------------------+-------+-------++-------
Melee: Falchion          |    85 |    97 ||   182
       Punch             |     1 |     2 ||     3
Throw: Javelin           |    21 |    20 ||    41
  Use: Scroll            |     6 |     4 ||    10
       Potion            |       |     2 ||     2
 Stab: Sleeping          |     9 |     1 ||    10
Armor: Robe              |    19 |    24 ||    43
Dodge: Dodged            |    60 |    63 ||   123
